 Dungeon Crawl Stone Soup version 0.30-a0-948-g4fa250aae5 (webtiles) character file.

Game seed: 1353869724603019378

111 cforsyth the Shield-Bearer (level 5, 0/42 HPs)
             Began as a Formicid Fighter on Mar 26, 2023.
             Slain by a steam dragon (2 damage)
             ... on level 4 of the Dungeon.
             The game lasted 00:03:55 (2761 turns).

cforsyth the Shield-Bearer (Formicid Fighter)       Turns: 2761, Time: 00:03:56

Health: 0/42       AC:  7    Str: 22    XL:     5   Next: 15%
Magic:  5/5        EV:  9    Int:  8    God:
Gold:   39         SH:  5    Dex: 13    Spells: 4/4 levels left

rFire   . . .      SeeInvis +    a - +0 war axe
rCold   . . .      Faith    .    c - +0 buckler
rNeg    . . .      Spirit   .    b - +0 scale mail
rPois   +          Reflect  .    (helmet unavailable)
rElec   .          Rampage  .    (no cloak)
rCorr   .                        (no gloves)
Will    .....                    (no boots) Stlth
                                 (no amulet)
HPRegen 0.27/turn                e - ring of poison resistance
MPRegen 0.09/turn                f - ring of flight

@: flying
A: permanent stasis, dig shafts and tunnels, antennae 3, four strong arms
a: Dig, Shaft Self


You were on level 4 of the Dungeon.
You visited 1 branch of the dungeon, and saw 4 of its levels.

You collected 178 gold pieces.
You spent 139 gold pieces at shops.

Inventory:

Hand Weapons
 a - a +0 war axe (weapon)
Armour
 b - a +0 scale mail (worn)
 c - a +0 buckler (worn)
Jewellery
 e - a ring of poison resistance (left hand)
 f - a ring of flight (right hand)
Wands
 u - a wand of charming (13)
Scrolls
 h - a scroll of immolation {unknown}
 j - 2 scrolls of magic mapping {unknown}
 k - 3 scrolls of teleportation {unknown}
 m - a scroll of amnesia {unknown}
 o - a scroll of butterflies {unknown}
 q - 8 scrolls of identify {unknown}
 s - 2 scrolls of vulnerability {unknown}
 t - a scroll of enchant armour {unknown}
 v - a scroll of poison {unknown}
Potions
 d - a potion of might
 g - a potion of lignification {unknown}
 i - 5 potions of flight {unknown}
 l - a potion of mutation {unknown}
 n - 3 potions of curing {unknown}
 p - 3 potions of cancellation {unknown}
 r - 2 potions of degeneration {unknown}
 w - a potion of heal wounds {unknown}
 x - a potion of attraction {unknown}
 z - 2 potions of ambrosia {unknown}


   Skills:
 + Level 4.1 Fighting
 + Level 2.9 Axes
 + Level 4.2 Armour
 + Level 4.9 Shields


You had 4 spell levels left.
You didn't know any spells.
Your spell library contained the following spells:

 Spells                   Type           Power      Damage    Failure   Level
 Beastly Appendage        Tmut           0%         N/A       80%         1
 Sandblast                Erth           0%         2d4       80%         1
 Passwall                 Tmut/Erth      0%         N/A       90%         2
 Wereblood                Tmut           0%         N/A       90%         2
 Dazzling Flash           Conj/Hex       0%         N/A       99%         3
 Ozocubu's Armour         Ice            0%         N/A       99%         3
 Spider Form              Tmut/Pois      0%         N/A       99%         3
 Stone Arrow              Conj/Erth      0%         3d7       99%         3
 Iskenderun's Mystic Bla  Conj/Tloc      0%         2d3       100%        4
 Starburst                Conj/Fire      0%         6d3       100%        6
 Ozocubu's Refrigeration  Ice            0%         4d7       100%        7


Dungeon Overview and Level Annotations

Branches:
Dungeon (4/15)
 Temple: D:4-7

Altars:
Dithmenos
Fedhas
Uskayaw

Shops:
D:2 *   D:3 **

Annotations:
D:3 2 transporters, Ghostmaker01's ghost, amateur MeFi
D:4 1 transporter


Innate Abilities, Weirdness & Mutations

You cannot be hasted, slowed, berserked, paralysed or teleported.
You can dig through walls and to a lower floor.
You have a pair of large antennae on your head. (SInv)
Your four strong arms can wield two-handed weapons with a shield.


Message History

Found a transporter.
There is a stone staircase leading up here.
There are monsters nearby!
The endoplasm hits you but does no damage.
You slash the endoplasm!
You kill the endoplasm!
A steam dragon comes into view.
Found a sedimented inky potion.
The steam dragon breathes steam at you. The ball of steam hits you!!
Ouch! That really hurt!
You hear a shout!
You are engulfed in a cloud of scalding steam.
You choke on the stench!
You are confused.
The steam dragon bites you. The steam dragon barely misses you.
You are engulfed in a cloud of scalding steam.
You choke on the stench!
You are more confused.
A kobold comes into view. It is wielding a +0 whip.
You're too confused to move!
The steam dragon breathes steam at you. The ball of steam hits you!
* * * LOW HITPOINT WARNING * * *
The ball of steam hits the hobgoblin!
The hobgoblin dies!
You feel less confused. The steam dragon closely misses you.
The steam dragon claws you.
* * * LOW HITPOINT WARNING * * *
You slash the steam dragon!
The steam dragon is moderately wounded.
The steam dragon bites you.
* * * LOW HITPOINT WARNING * * *
The steam dragon claws you but does no damage.
You closely miss the steam dragon.
The steam dragon is moderately wounded.
The steam dragon bites you.
* * * LOW HITPOINT WARNING * * *
The steam dragon claws you.
You die...

.PPPPPPP........
...............
!............ .
........./. .
..##... #...## ...
.......##...<#.....
........##§..)...>..
#..D.§§§#.......
#..@§§###.......
#........# ###....
#...#........ ....
##. ##.K##.#... ©.©
# ..... ## ## ##
##... {. ..#. .. .#


You could see a steam dragon and a kobold.

Vanquished Creatures
  Robin (D:2)
  An adder (D:3)
  3 worms
  A dart slug (D:1)
  4 orcs (D:3)
  5 bats
  3 endoplasms
  4 giant cockroaches
  13 goblins
  10 hobgoblins
  7 jackals
  3 quokkas
  3 ball pythons
  3 frilled lizards
  4 kobolds
  2 rats
67 creatures vanquished.

Vanquished Creatures (others)
  A hobgoblin (D:4)
1 creature vanquished.

Grand Total: 68 creatures vanquished

Notes
Turn   | Place    | Note
-------+----------+-------------------------------------------
     0 | D:1      | cforsyth the Formicid Fighter began the quest for the Orb.
     0 | D:1      | Reached XP level 1. HP: 18/18 MP: 1/1
    62 | D:1      | Reached XP level 2. HP: 14/24 MP: 2/2
   742 | D:1      | Reached XP level 3. HP: 29/29 MP: 3/3
   987 | D:2      | Noticed Robin
   999 | D:2      | Killed Robin
  1041 | D:2      | Reached XP level 4. HP: 32/37 MP: 4/4
  1150 | D:2      | Found Coetzav's Assorted Antiques.
  1155 | D:2      | Bought a scroll labelled VEUSHU FUEPP for 31 gold pieces
  1155 | D:2      | Bought a metallic puce potion for 27 gold pieces
  1660 | D:3      | Found a transporter.
  1660 | D:3      | Noticed a scorpion
  1683 | D:3      | Found a transporter.
  1857 | D:3      | Found Bior's General Store.
  1893 | D:3      | Found a blossoming altar of Fedhas.
  1939 | D:3      | Found a faded altar of an unknown god.
  2117 | D:3      | Found Gaidgh's Assorted Antiques.
  2125 | D:3      | Bought 3 scrolls labelled VEUSHU FUEPP for 81 gold pieces
  2151 | D:3      | Noticed Ghostmaker01's ghost (amateur MeFi)
  2326 | D:3      | Reached XP level 5. HP: 41/42 MP: 5/5
  2454 | D:3      | Found a hide-covered altar of Uskayaw.
  2454 | D:3      | Found a shadowy altar of Dithmenos.
  2750 | D:4      | Found a transporter.
  2754 | D:4      | Noticed a steam dragon
  2760 | D:4      | HP: 2/42 [steam dragon (3)]
  2761 | D:4      | Slain by a steam dragon

Illustrated notes

Levels and vault maps discovered:
D:1:      lemuel_arrival_funnel, layout_basic
D:2:      layout_loops_ring, serial_shops, shop, kennysheep_cross_room,
          grunt_ministairs_5, uniq_robin
D:3:      layout_loops_corners, gammafunk_temple_overflow_wave,
          overflow_temple_1_default, serial_shops, shop, shop,
          shapermc_ecumenical_altar_notcrosses, gammafunk_ghost_arena,
          minmay_pentangle
D:4:      layout_cave_pools, minmay_temple_entry_statues_fountains,
          portal_sewer_entry_b, gammafunk_ghost_smash, minmay_hedge_maze,
          nicolae_shop_fire_sale [nicolae_sub_dead_trees]

Skill      XL: |  1  2  3  4 |
---------------+-------------+-----
Armour         | 4 |  4.2
Fighting       | 4 |  4.1
Axes           | |  2.9
Shields        | |  4.9

Action                     |  1- 3 |  4- 6 || total
---------------------------+-------+-------++-------
  Melee: War axe           |    66 |    82 ||   148
 Armour: Scale mail        |    35 |    42 ||    77
  Dodge: Dodged            |    31 |    36 ||    67
  Block: Buckler           |    18 |    22 ||    40

Table legend: (Time is in decaauts)
 A = Elapsed time spent in this place.
 B = Non-inter-level travel time spent in this place.
 C = Inter-level travel time spent in this place.
 D = Time resting spent in this place.
 E = Time spent auto-exploring this place.
 F = Levels seen in this place.
 G = Mean time per level.
                   A        B        C        D        E       F      G
               +--------+--------+--------+--------+--------+-----+--------+
         Total |   2819 |   2741 |     78 |      0 |   2225 |   4 |  704.8 |
       Dungeon |   2819 |   2741 |     78 |      0 |   2225 |   4 |  704.8 |
               +--------+--------+--------+--------+--------+-----+--------+

Top non-repeatable levels by time:
     D:3: 1139 daAuts
     D:2: 841 daAuts
     D:1: 827 daAuts
     D:4: 11 daAuts
